 Dungeon Crawl Stone Soup version 0.28.0-53-g5a82cb258f (webtiles) character file.

Game seed: 3933943413834615064

2409 Labrat the Conjurer (level 9, -4/74 HPs)
             Began as a Demigod Conjurer on July 19, 2022.
             Slain by Harold
             ... wielding a +0 battleaxe
              (27 damage)
             ... on level 7 of the Dungeon.
             The game lasted 00:23:50 (7862 turns).

Labrat the Conjurer (Demigod Conjurer)              Turns: 7862, Time: 00:23:51

Health: -4/74      AC:  5    Str:  8    XL:     9   Next: 3%
Magic:  4/23       EV: 12    Int: 38    God:
Gold:   536        SH:  0    Dex: 15    Spells: 15/22 levels left

rFire   . . .      SeeInvis .   u - +4 dagger of Watchfulness {flame, Dex+3}
rCold   . . .      Faith    .   (no shield)
rNeg    . . .      Spirit   .   a - +0 robe
rPois   .          Reflect  .   (no helmet)
rElec   .          Harm     .   A - +0 cloak
rCorr   .          Rampage  .   v - +0 pair of gloves
Will    +....                   B - +0 pair of boots
Stlth   ++........              (no amulet)
HPRegen 0.22/turn               c - ring of willpower
MPRegen 0.18/turn               z - +6 ring of intelligence

@: lethally poisoned (-4 -> -14)
A: high MP 1, forlorn, divine attributes
a: no special abilities


You were on level 7 of the Dungeon.
You visited 2 branches of the dungeon, and saw 8 of its levels.
You also visited: Sewer and Ossuary.

You collected 536 gold pieces.

Inventory:

Hand Weapons
 u - the +4 dagger of Watchfulness (weapon) {flame, Dex+3}
   (You found it on level 4 of the Dungeon)

   It burns those it strikes, dealing additional fire damage.
   Dex:       It affects your dexterity (+3).
Missiles
 f - 21 poisoned darts
 y - a throwing net
Armour
 a - a +0 robe (worn)
 v - a +0 pair of gloves (worn)
 A - a +0 cloak (worn)
 B - a +0 pair of boots (worn)
 H - the +1 leather armour "Mauts" {rC++}
   (You found it on level 6 of the Dungeon)

   rC:        It greatly protects you from cold.
Magical Staves
 I - a staff of conjuration
Jewellery
 c - a ring of willpower (left hand)
 z - a +6 ring of intelligence (right hand)
Wands
 o - a wand of digging (3)
 r - a wand of iceblast (8)
Scrolls
 d - 2 scrolls of enchant armour {unknown}
 i - a scroll of teleportation
 q - a scroll of immolation
 s - a scroll of amnesia
 w - a scroll of vulnerability {unknown}
 x - a scroll of fog {unknown}
 C - a scroll of noise
 F - a scroll of magic mapping {unknown}
Potions
 b - 3 potions of brilliance
 e - 2 potions of haste {unknown}
 g - 9 potions of curing {unknown}
 h - 3 potions of mutation
 j - a potion of flight {unknown}
 k - 2 potions of berserk rage
 l - a potion of heal wounds {unknown}
 m - a potion of attraction {unknown}
 n - a potion of invisibility {unknown}
 p - 2 potions of resistance {unknown}
 t - 2 potions of ambrosia {unknown}
 D - a potion of cancellation {unknown}
 E - a potion of might {unknown}
 G - 2 potions of degeneration


   Skills:
 - Level 5.0 Fighting
 - Level 1.7 Dodging
 - Level 1.7 Stealth
 + Level 7.2 Spellcasting
 + Level 7.6 Conjurations


You had 15 spell levels left.
You knew the following spells:

 Your Spells              Type           Power      Damage    Failure   Level
a - Magic Dart            Conj           100%       1d8       1%          1
b - Searing Ray           Conj           100%       2d8       1%          2
c - Iskenderun's Mystic   Conj/Tloc      42%        2d10      5%          4

Your spell library contained the following spells:

 Spells                   Type           Power      Damage    Failure   Level
 Dazzling Flash           Conj/Hex       84%        N/A       1%          3
 Fulminant Prism          Conj/Hex       21%        3d13      5%          4


Dungeon Overview and Level Annotations

Branches:
Dungeon (7/15)             Temple (1/1) D:5           Sewer (visited)
Ossuary (visited)

Shops:
D:1 (   D:4 (

Annotations:
D:5 3 runed translucent doors, jaiteiro's ghost, novice MiEn
D:7 Harold


Innate Abilities, Weirdness & Mutations

You have an increased reservoir of magic. (+10% MP)
You shall have no god before yourself.
Your divine heritage dramatically boosts your attributes as you level up.


Message History

The orc is almost dead.
The iceblast engulfs Harold.
Harold is moderately wounded.
Unknown command.
Unknown command.
Unknown command.
Casting: Iskenderun's Mystic Blast (dangerous; 5% risk of failure)
Confirm with . or Enter, or press ? or * to list all spells.
You don't have enough magic to cast this spell.
Unknown command.
Casting: Iskenderun's Mystic Blast (dangerous; 5% risk of failure)
Confirm with . or Enter, or press ? or * to list all spells.
Okay, then.
Aiming: Iceblast
Press: ? - help, Shift-Dir - straight line The mass of ice explodes!
The iceblast engulfs the orc.
You kill the orc!
The iceblast engulfs Harold.
Harold partially resists.
Harold is moderately wounded.
Harold hits you with a +0 battleaxe!
Unknown command.
Unknown command.
You struggle against the net.
The killer bee barely misses you. x2
Harold hits you with a +0 battleaxe!
You struggle against the net.
The killer bee stings you.
You are poisoned.
The killer bee poisons you!
The killer bee stings you but does no damage.
Harold says, "Do you have any idea what people are willing to pay to have you killed, Labrat?"
Harold hits you with a +0 battleaxe.
You tear a large gash into the net.
The sentinel's mark upon you fades away.
You feel sick. The killer bee barely misses you.
Harold hits you with a +0 battleaxe! The killer bee stings you.
You are more poisoned.
The killer bee poisons you!
Unknown command.
You shred the net and break free!
You feel sick.
The killer bee barely misses you. x2; Harold hits you with a +0 battleaxe!!
You die...

##..# ##
#.####.####
#####..........
#...##.........
#....†.........
#.....)........
######..#####+#
#...##@y##.##.#
####..)))@........
#.................
#.#....##<........
##...##.........
#..............
#...###'###+###
+...#.........#
#...#.........# #
######.........#


You could see Harold and a killer bee.

Vanquished Creatures
  Pargi (Sewer)
  3 orc warriors
  An ice beast (D:6)
  A black bear (D:5)
  3 ogres
  A necrophage (D:7)
  A centaur (D:6)
  A bullfrog (D:7)
  2 scorpions
  2 water moccasin skeletons
  3 killer bees (D:7)
  2 bullfrog zombies
  7 hounds
  2 orc priests
  2 bullfrog skeletons
  2 iguanas (D:6)
  Natasha (thrice) (D:2)
  7 orc wizards
  9 mummies
  A gnoll (D:7)
  6 adders
  An adder zombie (D:5)
  An adder skeleton (D:4)
  A worm (D:2)
  3 dart slugs
  18 orcs
  13 endoplasms
  10 giant cockroaches
  A gnoll zombie (Ossuary)
  17 goblins
  5 hobgoblins
  4 quokkas
  2 ball pythons
  10 bats
  6 frilled lizards
  A goblin zombie (D:6)
  2 hobgoblin zombies (Ossuary)
  11 kobolds
  3 kobold zombies (Ossuary)
  3 orc zombies
  9 rats
181 creatures vanquished.

Vanquished Creatures (others)
  6 plants (D:3)
6 creatures vanquished.

Grand Total: 187 creatures vanquished

Notes
Turn   | Place    | Note
-------+----------+-------------------------------------------
     0 | D:1      | Labrat the Demigod Conjurer began the quest for the Orb.
     0 | D:1      | Reached XP level 1. HP: 14/14 MP: 5/5
   137 | D:1      | Found Rakesheo's Weapon Shoppe.
   171 | D:1      | Reached XP level 2. HP: 20/20 MP: 4/7
   426 | D:1      | Learned a level 2 spell: Searing Ray
   875 | D:1      | Reached XP level 3. HP: 26/26 MP: 7/9
  1555 | D:2      | Noticed Natasha
  1560 | D:2      | Killed Natasha
  1561 | D:2      | Reached XP level 4. HP: 33/33 MP: 4/11
  1585 | D:2      | Noticed Natasha
  1754 | D:2      | Killed Natasha
  1925 | D:2      | Noticed Natasha
  1929 | D:2      | Killed Natasha
  2080 | D:3      | Found a glowing drain.
  2145 | Sewer    | Entered a sewer
  2231 | Sewer    | Noticed Pargi
  2242 | Sewer    | Killed Pargi
  2243 | Sewer    | Reached skill level 5 in Conjurations
  2243 | Sewer    | Reached XP level 5. HP: 19/38 MP: 0/14
  3220 | D:3      | Reached XP level 6. HP: 37/45 MP: 6/16
  3742 | D:4      | Reached skill level 5 in Spellcasting
  3748 | D:4      | Identified the +4 dagger of Watchfulness {flame, Dex+3}
  3942 | D:4      | Reached skill level 1 in Fighting
  3985 | D:4      | Found Hecaol's Antique Weapon Shoppe.
  4679 | D:5      | Entered Level 5 of the Dungeon
  4719 | D:5      | Reached XP level 7. HP: 57/57 MP: 11/17
  4893 | D:5      | Found a staircase to the Ecumenical Temple.
  4905 | Temple   | Entered the Ecumenical Temple
  5174 | D:5      | Reached skill level 5 in Fighting
  5347 | D:5      | Found a runed translucent gate.
  5347 | D:5      | Found a runed translucent gate.
  5347 | D:5      | Found a runed translucent gate.
  5347 | D:5      | Noticed jaiteiro's ghost (novice MiEn)
  5742 | D:6      | Found a sand-covered staircase.
  5789 | Ossuary  | Entered an ossuary
  6048 | Ossuary  | Reached XP level 8. HP: 68/68 MP: 6/20
  6479 | D:6      | Learned a level 4 spell: Iskenderun's Mystic Blast
  6803 | D:6      | Identified the +1 leather armour "Mauts" {rC++}
  7828 | D:7      | Noticed Harold
  7847 | D:7      | Reached XP level 9. HP: 60/74 MP: 18/23
  7862 | D:7      | Slain by Harold

Illustrated notes

Levels and vault maps discovered:
D:1:      eino_arrival_druids_welcome, layout_rooms, serial_shops,
          nicolae_shop_crystal, corner_web_ring, st_stairs_8,
          minmay_tromino_v4_c
D:2:      layout_basic, ebering_ecumenical_altar_box, uniq_natasha
D:3:      cheibrodos_helix_gallery, layout_basic, kennysheep_okawaru_gauntlet,
          nicolae_ru_great_annihilating_truth, gup_sewer_entry_bowl,
          lexackson_kobold_supper
D:4:      layout_basic, serial_shops, shop_fountains
D:5:      layout_basic, nicolae_yredelemnul_ghost_church,
          mainiacjoe_overflow_tiny_flanked, kennysheep_mini,
          kiku_gazebo_pond_becter, temple_fountains, st_stairs_4
D:6:      layout_cave_pools, nicolae_ossuary_entry_giza
D:7:      layout_gridville, trog_butcher_becter, enter_bailey_7, uniq_harold
Temple:   minmay_temple_curvy_loop

Skill      XL: |  1  2  3  4  5  6  7  8 |
---------------+-------------------------+-----
Spellcasting   | 2 3 4 5 7 |  7.2
Conjurations   | 4 5 7 |  7.6
Fighting       | 3 5 |  5.0
Dodging        | |  1.7
Stealth        | |  1.7

Action                   |  1- 3 |  4- 6 |  7- 9 || total
-------------------------+-------+-------+-------++-------
Melee: Dagger            |       |    10 |    29 ||    39
       Punch             |       |       |     1 ||     1
 Cast: Magic Dart        |    95 |    96 |    73 ||   264
       Searing Ray       |       |    16 |    46 ||    62
       Iskenderun's Myst |       |       |     4 ||     4
Evoke: Wand              |       |       |     2 ||     2
  Use: Scroll            |       |       |     7 ||     7
Armor: Robe              |     1 |     3 |    20 ||    24
Dodge: Dodged            |     2 |    23 |    43 ||    68
